 Dungeon Crawl Stone Soup version 0.30-a0-859-gf88a04b62d (webtiles) character file.

Game seed: 9132235907973437582

100 jimonade the Magician (level 5, -2/38 HPs)
             Began as a Djinni Warper on Mar 6, 2023.
             Blown up by Ijyb (19 damage)
             ... with a mindburst bolt
             ... on level 3 of the Dungeon.
             The game lasted 00:05:18 (2462 turns).

jimonade the Magician (Djinni Warper)               Turns: 2462, Time: 00:05:18

Health: -2/38      AC:  3    Str: 12    XL:     5   Next: 3%
Gold:   174        EV: 26    Int: 15    God:
                   SH:  0    Dex: 12

rFire   + + .      SeeInvis .    a - +0 spear
rCold   x . .      Faith    .    (no shield)
rNeg    . . .      Spirit   .    b - +0 leather armour
rPois   ∞          Reflect  .    (no helmet)
rElec   .          Rampage  .    (no cloak)
rCorr   +                        (no gloves)
Will    .....                    (boots unavailable)
Stlth   +                        v - amulet of the acrobat
HPRegen 0.26/turn                u - ring of resist corrosion
MPRegen 0.00/turn                (no ring)

@: acrobatic, flying
A: sickness immunity, fire resistance 2, cold vulnerability 1, float, innate
caster, HP casting, extra vitality 1
a: no special abilities


You were on level 3 of the Dungeon.
You visited 1 branch of the dungeon, and saw 3 of its levels.

You collected 174 gold pieces.

Inventory:

Hand Weapons
 a - a +0 spear (weapon)
 f - a +0 whip
 g - a +0 short sword
 l - a +0 mace
 w - a +0 long sword
 x - a +0 sling
 z - a +1 vampiric dagger
 A - a +1 dagger of speed
Missiles
 d - 7 boomerangs of dispersal
 y - 22 stones
 B - 10 poisoned darts
Armour
 b - a +0 leather armour (worn)
 j - a +0 ring mail
 t - a +0 chain mail
Jewellery
 u - a ring of resist corrosion (left hand)
 v - an amulet of the acrobat (around neck)
Scrolls
 c - a scroll of blinking
 e - 2 scrolls of immolation {unknown}
 h - a scroll of fear {unknown}
 k - 2 scrolls of identify {unknown}
 m - 2 scrolls of teleportation {unknown}
 p - a scroll of vulnerability {unknown}
 q - a scroll of acquirement {unknown}
Potions
 i - a potion of cancellation {unknown}
 n - 3 potions of flight {unknown}
 o - 2 potions of attraction {unknown}
 r - a potion of curing {unknown}
 s - a potion of might {unknown}


   Skills:
 - Level 2.0 Fighting
 + Level 3.0 Polearms
 - Level 0.7 Throwing
 - Level 1.0 Armour
 - Level 2.1 Dodging
 + Level 3.3 Spellcasting


You knew the following spells:

 Your Spells              Type           Power      Damage    Failure   Level
a - Blink                 Tloc           24%        N/A       10%         2
b - Lesser Beckoning      Tloc           24%        N/A       10%         2
c - Vhi's Electric Charg  Tloc/Air       24%        N/A       19%         3
d - Teleport Other        Tloc           12%        N/A       19%         3
e - Manifold Assault      Tloc           12%        N/A       52%         4
f - Kiss of Death         Conj/Necr      48%        2d9       6%          1
g - Poisonous Vapours     Pois/Air       24%        N/A       10%         2
Your spell library was empty.

Dungeon Overview and Level Annotations

Branches:
Dungeon (3/15)

Altars:

Annotations:
D:3 Ijyb


Innate Abilities, Weirdness & Mutations

You are immune to sickness and miasma.
You are immune to poison.
Your flesh is very heat resistant. (rF++)
You are vulnerable to cold. (rC-)
You float through the air rather than walking.
You learn spells naturally, not from books.
Your magical power is your life essence.
You have superior vitality. (+4 MHP)


Message History

You start removing your armour.
You continue taking off your +0 ring mail. x4
You finish taking off your +0 ring mail.
You start putting on your armour.
You continue putting on your +0 leather armour. x5
You finish putting on your +0 leather armour.
There is an open door here.
Found a stone staircase leading up.
You reach down and open the door.
There is a stone staircase leading up here.
You reach down and open the door.
There is an open door here.
There is an open door here.
You reach down and open the door.
Ijyb the Twisted Goblin comes into view.
She is wielding a +0 club and carrying a wand of mindburst (7).
Ijyb shouts!
Press: ? - help, v - describe, . - travel
Here: Ijyb, wielding a +0 club, wearing a +0 chain mail and carrying a wand of mindburst (7)
The floor.
Unknown command.
Poisonous vapours surround Ijyb!
Ijyb is poisoned.
Poisonous vapours surround Ijyb!
Ijyb looks even sicker.
Ijyb zaps a wand.
Your mind is blasted!
Poisonous vapours surround Ijyb!
Ijyb looks even sicker.
Ijyb closely misses you.
Poisonous vapours surround Ijyb!
Ijyb looks as sick as possible!
Ijyb hits you with a +0 club.
You miscast Poisonous Vapours.
You are very lightly contaminated with residual magic.
Nothing appears to happen.
Ijyb hits you but does no damage.
You are too injured to fight recklessly!
Casting: Poisonous Vapours (safe; 10% risk of failure)
Confirm with . or Enter, or press ? or * to list all spells.
You blink.
Ijyb zaps a wand.
You struggle to resist.
You feel stable enough to blink again.
Your magical contamination has completely faded away.
Ijyb zaps a wand.
Your mind is blasted!
Ijyb zaps a wand.
Your mind is blasted!
Ouch! That really hurt!
You die...

#.### ##### #####'#..
######...####........
######....................
#....'....................
##.###..........g.........
#.# ######...............
#.#####.......##.........
#.#...+.@.....>+.........
#.#.###........#.........
#.#............##...#####
#.####'#........#........
#.#...<.......#.#........
#.#.#.........#.##.......
#.#.'.........#..........
#.###.....###.##.........
#.# #.......#.##....##.#.


You could see Ijyb (poisoned).

Vanquished Creatures
  3 adders (D:3)
  3 orcs (D:3)
  4 ball pythons (D:1)
  9 endoplasms
  2 giant cockroaches (D:1)
  5 goblins
  2 hobgoblins
  7 jackals
  5 quokkas
  8 bats
  4 frilled lizards (D:1)
  9 kobolds
  A rat (D:1)
62 creatures vanquished.

Vanquished Creatures (others)
  4 fungi (D:1)
  7 plants (D:1)
11 creatures vanquished.

Grand Total: 73 creatures vanquished

Notes
Turn   | Place    | Note
-------+----------+-------------------------------------------
     0 | D:1      | jimonade the Djinni Warper began the quest for the Orb.
     0 | D:1      | jimonade set off with the following spells memorised:
                  | Blink, Lesser Beckoning, Vhi's Electric Charge, Teleport
                  | Other, Manifold Assault.
     0 | D:1      | Reached XP level 1. HP: 18/18 MP: 0/0
    65 | D:1      | Reached XP level 2. HP: 23/23 MP: 0/0
   330 | D:1      | Reached XP level 3. HP: 27/28 MP: 0/0
   330 | D:1      | Learned a level 1 spell: Kiss of Death
   465 | D:1      | Found a faded altar of an unknown god.
  1181 | D:2      | Reached XP level 4. HP: 33/33 MP: 0/0
  2304 | D:3      | Reached XP level 5. HP: 31/38 MP: 0/0
  2304 | D:3      | Learned a level 2 spell: Poisonous Vapours
  2443 | D:3      | Noticed Ijyb
  2462 | D:3      | Blown up by Ijyb

Illustrated notes

Levels and vault maps discovered:
D:1:      dpeg_arrival_more_subterranean_lakeside_camping, layout_basic,
          dreamdust_ecumenical_altar_grove, minivault_19
D:2:      layout_loops_corners, minmay_tromino_v4_c
D:3:      layout_basic, nrook_loot_triangle, saegor_snake_ambush, uniq_ijyb

Skill      XL: |  1  2  3  4  5 |
---------------+----------------+-----
Spellcasting   | 3 |  3.3
Polearms       | 2 3 |  3.0
Fighting       | |  2.0
Throwing       | |  0.7
Armour         | |  1.0
Dodging        | |  2.1

Action                     |  1- 3 |  4- 6 || total
---------------------------+-------+-------++-------
  Melee: Spear             |   188 |    91 ||   279
         Punch             |     1 |       ||     1
   Cast: Poisonous Vapours |       |     4 ||     4
         Blink             |       |     1 ||     1
 Armour: Leather armour    |    11 |     1 ||    12
         Ring mail         |    37 |       ||    37
         Chain mail        |    22 |    46 ||    68
  Dodge: Dodged            |    89 |    15 ||   104

Table legend: (Time is in decaauts)
 A = Elapsed time spent in this place.
 B = Non-inter-level travel time spent in this place.
 C = Inter-level travel time spent in this place.
 D = Time resting spent in this place.
 E = Time spent auto-exploring this place.
 F = Levels seen in this place.
 G = Mean time per level.
                   A        B        C        D        E       F      G
               +--------+--------+--------+--------+--------+-----+--------+
         Total |   2460 |   2309 |    151 |     47 |   1401 |   3 |  820.0 |
       Dungeon |   2460 |   2309 |    151 |     47 |   1401 |   3 |  820.0 |
               +--------+--------+--------+--------+--------+-----+--------+

Top non-repeatable levels by time:
     D:1: 959 daAuts
     D:2: 902 daAuts
     D:3: 599 daAuts
